AoeStats
← AndreTheGiant34

Arena

510328293Analyzed
2v2 RM · 1d ago on Sep 30, 2026· 73m 8s· 4 players
Game mode
Random Map
Map size
Medium (4 player)
Population
200
Speed
Normal
Resources
Standard
Victory
Conquest
Starting age
Dark Age
Ending age
Imperial Age
RankedLock teamsTeams togetherTeam positionsShared explorationLock speedFull tech treeHidden civsTurbo modeCheats
Victory
Defeat
🇺🇸 Celts · United States
815
+16
🇺🇸 Bohemians · United States
815
+16
🇨🇴 Romans · Colombia
823
-16
🇨🇴 Italians · Colombia
822
-16
AndreTheGiant34
12:02 Feudal Age
13:13 Double-Bit Axe
13:19 Horse Collar
17:54 Castle Age
16:36 Stone Mining
22:44 Bow Saw
23:27 Loom
23:51 Fletching
24:01 Padded Archer Armor
24:42 Wheelbarrow
24:39 Elite Skirmisher
28:04 Bodkin Arrow
29:20 Ballistics
32:23 Heavy Plow
34:33 Fortified Wall
35:29 Leather Archer Armor
37:56 Heated Shot
41:21 Imperial Age
41:17 Forging
41:13 Scale Barding Armor
41:08 Scale Mail Armor
41:43 Caravan
42:10 Husbandry
42:54 Iron Casting
42:57 Gold Mining
43:26 Hand Cart
50:58 Pikeman
52:58 Murder Holes
54:37 Stone Shaft Mining
54:39 Gold Shaft Mining
55:27 Blast Furnace
54:25 Capped Ram
54:29 Onager
55:05 Gambesons
55:06 Arson
54:43 Halberdier
58:14 Furor Celtica
60:44 Chain Mail Armor
61:00 Ring Archer Armor
61:34 Siege Engineers
62:31 Chemistry
61:42 Masonry
61:18 Arrowslits
62:16 Plate Mail Armor
63:44 Siege Onager
66:20 Cavalier
66:22 Light Cavalry
73:16 Conscription
72:47 Stronghold
bt.wall.20
11:15 Feudal Age
11:23 Loom
16:18 Castle Age
15:25 Double-Bit Axe
15:22 Horse Collar
18:04 Bow Saw
18:42 Fervor
19:03 Heavy Plow
26:57 Imperial Age
25:51 Fortified Wall
28:11 Chemistry
28:10 Conscription
28:56 Wheelbarrow
29:33 Elite Skirmisher
31:29 Hand Cart
31:01 Town Watch
31:33 Siege Engineers
31:39 Masonry
32:06 Wagenburg Tactics
33:16 Town Patrol
33:24 Padded Archer Armor
33:26 Scale Mail Armor
33:21 Fletching
34:28 Elite Hussite Wagon
35:08 Houfnice
36:40 Bodkin Arrow
37:01 Leather Archer Armor
39:48 Two-Man Saw
39:05 Forging
38:57 Bracer
39:28 Ring Archer Armor
38:59 Scale Mail Armor
40:04 Husbandry
39:24 Light Cavalry
41:31 Iron Casting
41:03 Scale Barding Armor
43:29 Architecture
43:20 Ballistics
42:58 Murder Holes
45:16 Squires
44:36 Pikeman
47:51 Caravan
49:08 Halberdier
51:53 Blast Furnace
50:54 Scale Mail Armor
50:19 Onager
63:49 Chain Barding Armor
63:45 Chain Mail Armor
67:46 Heavy Scorpion
stvn9210
3:35 Loom
11:55 Feudal Age
13:24 Wheelbarrow
13:06 Double-Bit Axe
13:12 Man-at-Arms
14:21 Horse Collar
17:10 Gold Mining
17:12 Stone Mining
23:54 Castle Age
21:59 Fletching
22:10 Padded Archer Armor
21:58 Town Watch
24:07 Elite Skirmisher
24:08 Crossbowman
25:52 Bow Saw
25:45 Heavy Plow
25:09 Long Swordsman
26:29 Squires
25:51 Pikeman
27:10 Bodkin Arrow
28:38 Gold Shaft Mining
30:42 Hand Cart
30:41 Murder Holes
30:57 Masonry
32:09 Leather Archer Armor
32:17 Forging
32:08 Scale Mail Armor
32:14 Scale Barding Armor
32:48 Ballistas
38:40 Imperial Age
38:08 Town Patrol
38:18 Caravan
40:40 Chemistry
39:47 Siege Engineers
39:13 Heavy Scorpion
41:36 Crop Rotation
41:31 Conscription
41:47 Bloodlines
40:57 Light Cavalry
41:38 Husbandry
41:25 Cavalier
43:01 Chain Barding Armor
43:12 Ring Archer Armor
43:09 Ballistics
47:24 Comitatenses
47:07 Elite Centurion
58:13 Plate Barding Armor
57:54 Chain Mail Armor
58:15 Iron Casting
60:03 Heavy Cavalry Archer
61:16 Halberdier
65:16 Architecture
64:58 Fortified Wall
65:08 Legionary
kevin.adhira19
0:42 Loom
11:04 Feudal Age
11:42 Double-Bit Axe
13:25 Wheelbarrow
14:19 Horse Collar
22:53 Castle Age
21:32 Fletching
21:42 Padded Archer Armor
24:00 Bow Saw
23:52 Heavy Plow
23:15 Crossbowman
24:22 Treadmill Crane
25:03 Ballistics
24:59 Bodkin Arrow
25:19 Leather Archer Armor
25:42 Gold Mining
30:26 Imperial Age
30:17 Stone Mining
32:13 Chemistry
31:54 Stone Shaft Mining
31:45 Bracer
32:16 Ring Archer Armor
33:05 Fortified Wall
40:55 Forging
40:50 Scale Barding Armor
41:28 Light Cavalry
42:45 Iron Casting
Connection lost

Rejoining the realm…

Still unreachable

The connection could not be restored.

Session expired

The server has moved on; the page needs a fresh start.